Cogmind - Beta 16 @@@ ROGUE MODE // 2026.02.07 @ 20:13:00 Player: AngelSpirit Result: Destroyed by S-27 Virus with Autogun Performance ------------- Evolutions (4) 2000 Regions Visited (7) 1400 Robots Destroyed (69) 345 Value Destroyed (2101) 2101 Prototype IDs (26) 520 Alien Tech Used (0) 0 Bonus (1263) 1263 TOTAL SCORE: 7629 Bonus ------- Follower Combat Kills 463 Registered with UFD 300 Met Optimus in HQ 500 Cogmind --------- Core Integrity 0/850 Matter 102/300 Energy 160/160 System Corruption 10% Temperature Cool (0) Movement Flying (32) Location -6/Lower Caves Parts ------- > --- POWER (1+1) ------ Light Nuclear Core > --- PROPULSION (5+1) - VTOL Module VTOL Module > --- UTILITY (7+1) ---- Advanced Heat Sink Enhanced Optical Array Advanced Sensor Array Rainbow Chip > --- WEAPON (2+1) ----- (None) > --- INVENTORY (5) ---- Rocket Booster Enhanced Scrap Shield DM-GVY's Chainsaw Peak State ------------ > --- POWER ------------ Light Deuterium Engine > --- PROPULSION ------- Compact Wheel Armored Wheel Armored Wheel Armored Wheel > --- UTILITY ---------- Huge Storage Unit Targeting Computer Transmission Jammer Improved Light Armor Plating Improved Heavy Armor Plating Improved System Shield > --- WEAPON ----------- Heavy Battle Rifle Magnetic Acceleration Cannon > --- INVENTORY -------- Light Nuclear Core Light Fission Core Rocket Booster Rocket Booster Rocket Booster Advanced Sensor Array Experimental Sensor Array Authchip [Propulsion] Authchip [Propulsion] Authchip [Propulsion] Authchip [Weapon] Tech Extrapolator Tech Extrapolator Rainbow Chip Proton Missile Launcher Rocket Launcher Plasma Cutter CPS Tube CPS Tube Power Maul DM-GVY's Chainsaw Vortex Trap Vortex Trap Vortex Trap DRS Beacon [Rating: 54] Favorites ----------- Power Light Deuterium Engine Engine Light Deuterium Engine Power Core Light Nuclear Core Propulsion Armored Wheel Wheel Armored Wheel Flight Unit VTOL Module Utility Huge Storage Unit Device Seismic Detector Storage Huge Storage Unit Processor Targeting Computer Hackware Improved System Shield Protection Improved Light Armor Plating Weapon Heavy Battle Rifle Energy Gun Medium Laser Energy Cannon Subdweller Beam Cannon Ballistic Gun Heavy Battle Rifle Ballistic Cannon Improved Light Cannon Launcher Grenade Launcher Impact Weapon Power Maul Slashing Weapon Mining Claw Build | -11 -10 -10 -10 -9 -9 -6 -6 ------- Run | Yrd Mat Min Sub Rec Scr Fac Low Slots Evolved 8 | . . . . . . 8 . Power . | . . . . . . . . Propulsion 3 | . . . . . . 3 . Utility 5 | . . . . . . 5 . Weapon . | . . . . . . . . Parts Attached 80 | 8 16 3 19 6 2 25 1 Power 7 | 2 2 1 . . . 2 . Engine 4 | 2 1 1 . . . . . Core 3 | . 1 . . . . 2 . Reactor . | . . . . . . . . Propulsion 22 | 2 4 . 7 3 1 5 . Treads . | . . . . . . . . Leg . | . . . . . . . . Wheel 20 | 2 4 . 7 3 1 3 . Hover . | . . . . . . . . Flight 2 | . . . . . . 2 . Utility 22 | 2 2 2 3 . . 12 1 Device 7 | 1 . 1 . . . 4 1 Storage 4 | 1 2 . 1 . . . . Processor 4 | . . . . . . 4 . Hackware 1 | . . . . . . 1 . Protection 6 | . . 1 2 . . 3 . Artifact . | . . . . . . . . Weapon 29 | 2 8 . 9 3 1 6 . Energy Gun 2 | . 2 . . . . . . Energy Cannon 8 | . 1 . 6 . 1 . . Ballistic Gun 6 | 2 . . . 3 . 1 . Ballistic Cannon 6 | . 4 . 1 . . 1 . Launcher 4 | . . . 2 . . 2 . Special Weapon . | . . . . . . . . Impact Weapon 1 | . . . . . . 1 . Slashing Weapon 2 | . 1 . . . . 1 . Piercing Weapon . | . . . . . . . . Special Melee Weapon . | . . . . . . . . Unidentified Prototypes 1 | . . . . . . 1 . Parts Lost 21 | . 5 . . 1 . 15 . Power 2 | . . . . . . 2 . Propulsion 9 | . 3 . . 1 . 5 . Utility 5 | . 1 . . . . 4 . Weapon 5 | . 1 . . . . 4 . Highest Loss Streak 13 | . 2 . . 1 . 13 . To Critical Strikes . | . . . . . . . . Average Backups 13 | 1 5 10 5 19 19 16 3 Power 1 | . 1 1 1 2 1 1 . Propulsion 2 | . 1 2 . 3 3 . . Utility 6 | . 1 3 1 8 10 9 2 Weapon 2 | . 2 3 2 5 1 2 1 Tool/Special . | . . . . . . . . Unused Backups 46 | 1 4 . 7 1 21 10 2 Power 4 | . . . 1 . 2 1 . Propulsion 8 | 1 1 . 2 1 3 . . Utility 21 | . . . 2 . 11 6 2 Weapon 9 | . 3 . 2 . 4 . . Tool/Special 4 | . . . . . 1 3 . Average Slot Usage (%) 91 | . 94 99 86 99 98 64 35 Engine 12 | . 10 2 14 14 14 4 . Core 1 | . 3 11 . . . . 5 Wheel 26 | . 27 28 27 27 28 19 . Device 2 | . 10 11 . . . 6 9 Storage 10 | . 14 14 2 14 14 4 . Protection 10 | . . 1 13 14 14 6 . Energy Cannon 7 | . . . 25 . 2 . . Ballistic Gun 13 | . 9 . . 27 23 7 . Ballistic Cannon 3 | . 12 28 1 . . 1 . Peak Build Rating 54 | 7 12 13 18 26 28 54 38 Average Rating 21 | 5 8 12 14 23 26 39 37 On Entrance 16 | . 7 11 13 18 26 28 32 Avg Prop Armor Cover (%) 1 | . . . 1 . . . . Naked Turns 42 | . . . . . . 42 . Heaviest Build 116 | 14 33 36 104 104 99 116 7 Greatest Support 64 | 32 32 20 40 28 24 64 8 Greatest Overweight (x) 7 | . 1 1 5 7 4 4 . Average Overweight (x) 1 | . . 1 1 3 3 . . Largest Inventory Capacity 25 | 8 15 15 25 25 25 25 5 Average Capacity 18 | 7 9 15 8 25 25 20 5 Most Carried 25 | 4 9 13 16 25 25 25 5 Average Carried 15 | 1 5 10 6 21 21 19 4 Final Capacity 25 | 8 15 15 25 25 25 5 5 Final Carried 25 | 3 8 13 16 25 25 4 4 Class Distribution -------------------- 74% | Mutant 17% | Subdweller-Mutant 4% | Scavenger-Mutant Dominant Class ---------------- Mutant | -10/Materials Mutant | -10/Mines Subdweller-Mutant | -10/Subcaves Mutant | -9/Recycling Mutant | -9/Scraptown Mutant | -6/Factory Scavenger-Sprinter | -6/Lower Caves Resources | -11 -10 -10 -10 -9 -9 -6 -6 ----------- Run | Yrd Mat Min Sub Rec Scr Fac Low Matter Collected 1967 | 268 553 121 415 209 54 347 . Remotely . | . . . . . . . . Salvage Created 2246 | 64 674 17 632 350 70 439 . Parts 151 | 11 46 1 54 20 4 15 . Haulers Intercepted 2 | . 2 . . . . . . Recyclers Shooed . | . . . . . . . . Parts Field Recycled . | . . . . . . . . Retrieved Matter . | . . . . . . . . Parts Self-Destructed 13 | . . . 13 . . . . Prevented . | . . . . . . . . Parts Restored . | . . . . . . . . Kills | -11 -10 -10 -10 -9 -9 -6 -6 ------- Run | Yrd Mat Min Sub Rec Scr Fac Low Combat Hostiles Destroyed 50 | . 15 1 19 4 1 10 . Guns 19 | . 11 . . 4 1 3 . Cannons 18 | . 4 1 10 . . 3 . AOE 13 | . . . 9 . . 4 . Classes Destroyed 15 | 1 7 . 3 1 1 2 . Worker 1 | . 1 . . . . . . Builder 1 | . 1 . . . . . . Tunneler 4 | 4 . . . . . . . Hauler 2 | . 2 . . . . . . Recycler 2 | . . . . 2 . . . Mechanic 1 | . . . . . . 1 . Operator 3 | . 3 . . . . . . Turret 2 | . . . 2 . . . . Watcher 2 | . 2 . . . . . . Swarmer 13 | . 3 . 8 . . 2 . Grunt 20 | . 12 1 1 . . 6 . Sentry 5 | . . . 1 4 . . . Hunter 2 | . . . . . . 2 . Subdweller 10 | . . . 10 . . . . Scrapper 1 | . . . . . 1 . . Best Kill Streak 5 | 3 3 1 5 3 1 4 . Combat Bots Only 3 | . 3 1 3 1 1 3 . Max Kills in Single Turn 4 | 1 2 1 4 1 1 2 . Gunslinging 1 | . 1 . . . . . . Exploded 3 | . . . 3 . . 2 . Melee . | . . . . . . . . Uniques/NPCs Destroyed . | . . . . . . . . Combat | -11 -10 -10 -10 -9 -9 -6 -6 -------- Run | Yrd Mat Min Sub Rec Scr Fac Low Hostile Shots Fired 438 | . 68 9 62 32 3 262 2 Missed 132 | . 19 3 23 12 2 72 1 Hits 306 | . 49 6 39 20 1 190 1 Projectile 306 | . 49 6 39 20 1 190 1 Critical Strikes 8 | . . 1 1 2 . 4 . Damage Taken 4235 | . 623 78 612 302 35 2573 12 Core 1077 | . 127 14 46 29 . 849 12 Absorbed by Shields . | . . . . . . . . Core Remaining (%) 56 | 100 . . . . 13 . . Volleys Fired 240 | 12 97 7 63 25 3 33 . Largest 2 | 2 2 2 2 2 2 2 . Hottest 160 | 40 70 66 160 63 80 77 . Shots Fired 433 | 24 191 14 89 50 5 60 . Gun 246 | 24 138 . . 50 4 30 . Cannon 171 | . 53 14 77 . 1 26 . Launcher 16 | . . . 12 . . 4 . Special . | . . . . . . . . Kinetic 307 | 24 157 14 2 50 4 56 . Thermal 110 | . 34 . 75 . 1 . . Explosive 13 | . . . 12 . . 1 . Electromagnetic 3 | . . . . . . 3 . Robot Hit Streak 20 | 4 20 9 4 13 2 10 . Robot Miss Streak 7 | 2 7 1 2 4 2 3 . Penetration Max . | . . . . . . . . Secondary Targets 3 | . 2 . . . 1 . . Max Gunslinging Chain 1 | . 1 . . . 1 . . Shots Hit Robots 245 | 15 109 10 31 31 2 47 . Core Hits 124 | 5 39 2 32 10 1 35 . Critical Kills 2 | . 1 . . 1 . . . Critical Parts Destroyed 2 | . . . . 1 . 1 . Critical Strikes 9 | . 4 1 . 2 . 2 . Destroy 3 | . 1 . . 2 . . . Blast 5 | . 3 1 . . . 1 . Smash 1 | . . . . . . 1 . Melee Attacks 10 | . . . . . . 10 . Impact 7 | . . . . . . 7 . Slashing 3 | . . . . . . 3 . Piercing . | . . . . . . . . Sneak Attacks . | . . . . . . . . Combat Hostiles . | . . . . . . . . Follow-up Attacks . | . . . . . . . . Damage Inflicted 5575 | 181 1349 201 1484 616 35 1709 . Guns 2132 | 181 900 . . 616 35 400 . Cannons 1842 | . 449 201 833 . . 359 . Explosions 1286 | . . . 651 . . 635 . Melee 315 | . . . . . . 315 . Ramming . | . . . . . . . . Kinetic 2901 | 181 1067 201 42 616 35 759 . Thermal 1241 | . 282 . 791 . . 168 . Explosive 791 | . . . 651 . . 140 . Electromagnetic 327 | . . . . . . 327 . Impact 277 | . . . . . . 277 . Slashing 38 | . . . . . . 38 . Piercing . | . . . . . . . . Highest Corruption 10 | . . . . . . 10 10 Average Corruption 8 | . . . . . . 8 10 Corruption Purged . | . . . . . . . . Corruption Blocked . | . . . . . . . . Effects 24 | . . . . . . 22 2 Message Errors 2 | . . . . . . 1 1 Matter Fused 4 | . . . . . . 4 . Heat Flow Errors 2 | . . . . . . 1 1 Energy Discharges 4 | . . . . . . 4 . Parts Rejected 1 | . . . . . . 1 . Data Loss (minor) 7 | . . . . . . 7 . Alerts 1 | . . . . . . 1 . Misdirections 1 | . . . . . . 1 . Weapon Failures 2 | . . . . . . 2 . Overload Shots . | . . . . . . . . Overflow Damage 152 | . 17 . 64 . . 71 . Projectiles 17 | . 17 . . . . . . Explosions 64 | . . . 64 . . . . Melee 71 | . . . . . . 71 . Knockbacks 12 | . 6 1 1 . . 4 . Impact . | . . . . . . . . Kinetic 12 | . 6 1 1 . . 4 . Secondary . | . . . . . . . . Self-Inflicted Damage 198 | . . . 42 . . 156 . Shots 8 | . . . 2 . . 6 . Rammed 1 | . . . . . . 1 . Targets Rammed 1 | . . . . . . 1 . Kicked . | . . . . . . . . Crushed . | . . . . . . . . Highest Temperature 301 | . 301 177 240 241 46 160 255 Average Temperature 58 | . 54 87 62 78 21 29 140 Received Heat Transfer 1092 | . 264 63 150 108 12 495 . Effects 2 | . . . 2 . . . . Interference 2 | . . . 2 . . . . Siege Activations . | . . . . . . . . Martial Activations . | . . . . . . . . Shielding Activations . | . . . . . . . . Robots Disrupted . | . . . . . . . . Combat Hostiles . | . . . . . . . . Robots Corrupted . | . . . . . . . . Combat Hostiles . | . . . . . . . . Parts Fried 1 | . . . . . . 1 . Impact Corruptions 2 | . . . . . . 2 . Robots Melted . | . . . . . . . . Combat Hostiles . | . . . . . . . . Parts Melted 5 | . 2 . 2 . 1 . . Heat Transferred 1926 | . 803 . 1073 . . 50 . Parts Sabotaged . | . . . . . . . . Parts Stolen . | . . . . . . . . Parts Stripped . | . . . . . . . . Power Chain Reactions 1 | . . . . . . 1 . Alert | -11 -10 -10 -10 -9 -9 -6 -6 ------- Run | Yrd Mat Min Sub Rec Scr Fac Low Maximum Alert Level 2 | . . . . . . 2 . Low Security (%) 96 | 100 100 100 . 100 . 82 . Level 1 1 | . . . . . . 4 . Level 2 2 | . . . . . . 12 . Level 3 . | . . . . . . . . Level 4 . | . . . . . . . . Level 5 . | . . . . . . . . High Security . | . . . . . . . . Max Security . | . . . . . . . . Peak Influence 510 | 5 138 35 . 80 . 510 . Initial 22 | . . 22 . . . . . Average 48 | . 72 4 . 12 . 112 . Influence Increases 2186 | 20 502 45 377 227 . 985 30 Destroy 0b10 Robot/C 1080 | . 300 20 240 80 . 440 . Destroy 0b10 Robot/NC 85 | 20 45 . . 10 . 10 . Destroy Leader 168 | . 68 10 10 . . 80 . Allied During Kill 98 | . . . 22 . . 76 . Successful Hack 78 | . 21 . . 15 . 42 . Select Force Hacks 120 | . . . . 120 . . . Disable Machine 45 | . 15 . . . . 30 . Anti-Garrison Action 150 | . . . . . . 150 . Destroy Structure 32 | . 8 . . 2 . 22 . Lose Combat Pursuer 330 | . 45 15 105 . . 135 30 Influence Decreases 1924 | 20 443 104 375 229 . 584 169 Entered New Map 188 | . . 37 . 2 . . 149 Time Decay 1314 | 20 393 67 335 217 . 262 20 Lost Part 202 | . 50 . . 10 . 142 . Lost Ally 220 | . . . 40 . . 180 . Squads Dispatched 12 | . 3 1 . . . 8 . Investigation 5 | . . 1 . . . 4 . Extermination 1 | . . . . . . 1 . Reinforcement 3 | . 3 . . . . . . Assault 3 | . . . . . . 3 . Garrison . | . . . . . . . . Intercept . | . . . . . . . . Searches Triggered . | . . . . . . . . Construction Impeded . | . . . . . . . . Haulers Reinforced . | . . . . . . . . Active Scanning Responses . | . . . . . . . . Cargo Convoy Interrupts . | . . . . . . . . Stealth | -11 -10 -10 -10 -9 -9 -6 -6 --------- Run | Yrd Mat Min Sub Rec Scr Fac Low Distress Signals 2 | . 2 . . . . . . Communications Jammed 1 | . . . . . . 1 . Distress Signals . | . . . . . . . . Times Spotted 102 | . 33 4 22 3 7 30 3 Peak Tracking Total 8 | . 5 2 3 1 4 8 2 Tactical Retreats 11 | . 3 1 2 . . 4 1 Traps | -11 -10 -10 -10 -9 -9 -6 -6 ------- Run | Yrd Mat Min Sub Rec Scr Fac Low Traps Triggered 6 | . 2 . 1 . . 3 . Indirectly . | . . . . . . . . Trap Hack Attempts . | . . . . . . . . Triggered . | . . . . . . . . Disarmed . | . . . . . . . . Reprogrammed . | . . . . . . . . Reused . | . . . . . . . . Traps Extracted . | . . . . . . . . Installed 1 | . . . 1 . . . . Triggered . | . . . . . . . . Most Traps Carried 3 | . . . . . 3 3 . Machines | -11 -10 -10 -10 -9 -9 -6 -6 ---------- Run | Yrd Mat Min Sub Rec Scr Fac Low Machines Disabled 10 | . 1 . 4 . 2 3 . Max in Single Turn 2 | . 1 . 2 . 1 2 . Garrison Access 1 | . . . . . . 1 . Machines Repaired . | . . . . . . . . Machines Dismantled . | . . . . . . . . Machines Sabotaged . | . . . . . . . . Overloaded Fab Kills . | . . . . . . . . Hacking | -11 -10 -10 -10 -9 -9 -6 -6 --------- Run | Yrd Mat Min Sub Rec Scr Fac Low Machines Accessed 28 | . 5 2 1 11 2 7 . Terminals 15 | . 4 1 . 6 . 4 . Fabricators . | . . . . . . . . Repair Stations . | . . . . . . . . Recycling Units 8 | . 1 . . 5 . 2 . Scanalyzers . | . . . . . . . . Garrison Access 1 | . . . . . . 1 . Total Hacks 69 | . 19 4 1 26 3 16 . Successful 36 | . 8 2 1 15 3 7 . Failed 33 | . 11 2 . 11 . 9 . Catastrophic 7 | . 1 1 . . . 5 . Database Lockouts . | . . . . . . . . Manual 50 | . 17 2 . 19 . 12 . Terminals 46 | . 17 3 . 15 . 11 . Fabricators . | . . . . . . . . Repair Stations . | . . . . . . . . Recycling Units 16 | . 2 . . 11 . 3 . Scanalyzers . | . . . . . . . . Garrison Access 2 | . . . . . . 2 . Terminal Hacks 10 | . 2 2 1 . 3 2 . Record 2 | . . . . . 2 . . Open Door 1 | . . 1 . . . . . Terminal Index 1 | . 1 . . . . . . Locate Traps 1 | . 1 . . . . . . Registered Components 1 | . . . . . . 1 . Zone Layout 2 | . . 1 . . . 1 . Proto ID Catalog 2 | . . . 1 . 1 . . Fabricator Hacks . | . . . . . . . . Repair Station Hacks . | . . . . . . . . Recycling Unit Hacks 3 | . . . . 3 . . . Retrieve Components 3 | . . . . 3 . . . Scanalyzer . | . . . . . . . . Garrison Access Hacks . | . . . . . . . . Unauthorized Hacks 23 | . 6 . . 12 . 5 . Terminals 17 | . 6 . . 8 . 3 . Botnet 8 | . 2 . . 3 . 3 . Skim 9 | . 4 . . 5 . . . Fabricators . | . . . . . . . . Repair Stations . | . . . . . . . . Recycling Units 6 | . . . . 4 . 2 . Tunnel 4 | . . . . 4 . . . Scrapoids 2 | . . . . . . 2 . Scanalyzers . | . . . . . . . . Garrison Access . | . . . . . . . . Data Cores Recovered . | . . . . . . . . Used . | . . . . . . . . Hacking Detections 20 | . 5 1 . 8 . 6 . Full Trace Events 3 | . . . . 1 . 2 . Feedback Events 2 | . . . . . . 2 . Corruption 2 | . . . . . . 2 . Feedback Blocked . | . . . . . . . . Robot Schematics Acquired . | . . . . . . . . Robots Built . | . . . . . . . . Authchips . | . . . . . . . . Time . | . . . . . . . . Total Robot Build Rating . | . . . . . . . . Part Schematics Acquired . | . . . . . . . . Parts Built . | . . . . . . . . Authchips . | . . . . . . . . Time . | . . . . . . . . Total Part Build Rating . | . . . . . . . . Part Studies Acquired . | . . . . . . . . Parts Repaired . | . . . . . . . . Time . | . . . . . . . . Parts Recycled . | . . . . . . . . Recycled Matter . | . . . . . . . . Retrieved Matter . | . . . . . . . . Retrieved Components 13 | . . . . 13 . . . Parts Scanalyzed . | . . . . . . . . Part Schematics Acquired . | . . . . . . . . Parts Damaged . | . . . . . . . . Bothacking | -11 -10 -10 -10 -9 -9 -6 -6 ------------ Run | Yrd Mat Min Sub Rec Scr Fac Low Used RIF Installer . | . . . . . . . . Robots Hacked . | . . . . . . . . Non-combat . | . . . . . . . . Combat . | . . . . . . . . Robot Hacks Applied . | . . . . . . . . Relay Couplers Released 1 | . . . . . . 1 . Machine Destruction 1 | . . . . . . 1 . Fabnet Peak Effective % . | . . . . . . . . Robots Rewired . | . . . . . . . . Allies Hacked . | . . . . . . . . Hacks Repelled . | . . . . . . . . Allies | -11 -10 -10 -10 -9 -9 -6 -6 -------- Run | Yrd Mat Min Sub Rec Scr Fac Low Total Allies 14 | . . 3 . . 1 10 . Largest Group 5 | . . 3 3 . 1 5 . Highest-Rated Group 146 | . . 40 40 . 91 146 . Highest-Rated Ally 91 | . . 16 16 . 91 31 . Total Orders 2 | . . . . . 2 . . STAY 1 | . . . . . 1 . . FOLLOW 1 | . . . . . 1 . . Ally Attacks 139 | . . 1 18 . 8 112 . Total Damage 2153 | . . 11 186 . 239 1717 . Kills 18 | . . . 2 . 3 13 . Allies Corrupted . | . . . . . . . . Allies Melted . | . . . . . . . . Intel | -11 -10 -10 -10 -9 -9 -6 -6 ------- Run | Yrd Mat Min Sub Rec Scr Fac Low Active Infowar (turns) 1763 | 27 705 454 45 . . 486 46 Optics 114 | . . . . . . 68 46 Sensors 641 | . . 454 45 . . 98 44 Seismic 732 | 27 705 . . . . . . Jamming 318 | . . . . . . 318 . ECM 2 | . . . . . . 2 . Robot Analysis Total . | . . . . . . . . Derelict Logs Recovered 8 | . . 2 1 . 5 . . Drone Launches . | . . . . . . . . Drone Recoveries . | . . . . . . . . Exploration | -11 -10 -10 -10 -9 -9 -6 -6 ------------- Run | Yrd Mat Min Sub Rec Scr Fac Low Turns Passed 9380 | 136 978 527 2335 1222 3370 766 46 Spaces Moved 6438 | 89 639 490 1700 615 2127 679 99 Core 74 | 3 . . . . . 71 . Treads . | . . . . . . . . Legs . | . . . . . . . . Wheels 6042 | 86 639 490 1700 615 2127 385 . Hover . | . . . . . . . . Flight 322 | . . . . . . 223 99 Fastest Speed 32 | 50 80 95 95 135 135 32 32 Average Speed 115 | 98 87 95 118 138 136 79 32 Slowest Speed 195 | 100 100 95 155 195 150 150 32 Overloaded Moves . | . . . . . . . . Propulsion Burnouts . | . . . . . . . . Robots Hopped 3 | . . . . . . 3 . Potential Cave-ins . | . . . . . . . . Cave-ins Triggered . | . . . . . . . . Exploration Rate (%) 62 | 5 100 91 83 99 90 14 14 Regions Visited 7 Branch Regions 5 Pre-discovered Areas 5 | . . 1 . 4 . . . Known Exits Taken . | . . . . . . . . Unknown Exits Taken 7 | 1 1 1 1 1 1 1 . Scrap Searched 13 | . . 2 8 . 3 . . Spaces Dug 10 | . 1 . 8 . . 1 . Terrain Destroyed 68 | . 5 . 40 2 . 21 . Melee 1 | . . . . . . 1 . Projectile 28 | . 5 . 12 2 . 9 . AOE 39 | . . . 28 . . 11 . Terrain Rammed . | . . . . . . . . Walls Destroyed . | . . . . . . . . Machines Disabled . | . . . . . . . . Actions | -11 -10 -10 -10 -9 -9 -6 -6 --------- Run | Yrd Mat Min Sub Rec Scr Fac Low Total 7940 | 112 884 536 1936 936 2610 812 114 Wait 955 | . 98 31 81 274 413 47 11 Move 6425 | 88 638 489 1699 614 2126 672 99 Hop 3 | . . . . . . 3 . Pick Up 99 | 3 16 5 25 12 32 5 1 Fast Attach 48 | 7 7 1 11 3 3 16 . Attach 18 | . 5 . 2 . . 10 1 Detach 2 | . 1 . . . . 1 . Swap 33 | 1 5 2 16 3 1 5 . Drop 95 | 1 17 1 29 5 32 9 1 Fire 240 | 12 97 7 63 25 3 33 . Melee 10 | . . . . . . 10 . Ram 1 | . . . . . . 1 . Kick . | . . . . . . . . Crush . | . . . . . . . . Escape Stasis . | . . . . . . . . Rewire . | . . . . . . . . Trap 1 | . . . 1 . . . . Miscellaneous 10 | . . . 9 . . . 1 Route ------- -11/Scrapyard -10/Materials (discovered 5 exits: [*Mat x3] / *Min / *Sub) -10/Mines (discovered 3 exits: [*Mat x2] / *Sub) -10/Subcaves (discovered 3 exits: [*Mat x2] / *Rec) -9/Recycling (discovered 2 exits: *Fac / *Scr) -9/Scraptown (discovered 2 exits: *Fac x2) -6/Factory (discovered 2 exits: [*Low] / [*Ext]) -6/Lower Caves History --------- Turn | Location | Event 7 | -11/Scrapyard | Discovered new exit (range 14) 137 | -11/Scrapyard | Entered Materials 328 | -10/Materials | Build established: Mutant 330 | -10/Materials | Discovered new exit (range 12) 540 | -10/Materials | Discovered new exit (range 16) 612 | -10/Materials | Discovered new exit (range 8) 699 | -10/Materials | Discovered new exit (range 15) 732 | -10/Materials | Core integrity fell below 50% 879 | -10/Materials | Discovered new exit (range 16) 1115 | -10/Materials | Entered Mines 1116 | -10/Mines | Joined a pair of Derelicts in attacking an 0b10 outpost 1148 | -10/Mines | Discovered new exit (range 7) 1155 | -10/Mines | Met a Derelict bent on vengeance 1250 | -10/Mines | Learned Materials garrison access intel 1313 | -10/Mines | Learned location of Storage (-9) 1332 | -10/Mines | A weapon hastily lodged in a ceiling crevice suddenly fell to the ground 1440 | -10/Mines | Assisted by bots powering up and referring to "LRC-V3" 1496 | -10/Mines | Discovered new exit (range 15) 1526 | -10/Mines | Met a Derelict shopkeep closing up shop 1608 | -10/Mines | Discovered new exit (range 6) 1642 | -10/Mines | Entered Subcaves 1642 | -10/Subcaves | Accompanied by 3 allies 1696 | -10/Subcaves | Disturbed a concealed Subdweller 1914 | -10/Subcaves | Visited 4L-MR0's lab 2064 | -10/Subcaves | Discovered new exit (range 14) 2086 | -10/Subcaves | Lost 3 allies 2284 | -10/Subcaves | Discovered new exit (range 7) 2384 | -10/Subcaves | Build established: Subdweller-Mutant 2493 | -10/Subcaves | Discovered new exit (range 8) 3056 | -10/Subcaves | Shifting Twisted Machinery released Mak. Spear 3096 | -10/Subcaves | Shifting Twisted Machinery released Battle Rifle 3116 | -10/Subcaves | Learned Materials garrison access intel 3394 | -10/Subcaves | A Subdweller sparked back to life 3394 | -10/Subcaves | A Subdweller sparked back to life 3444 | -10/Subcaves | Found Rainbow Chip 3830 | -10/Subcaves | Found Cargo Legs 3914 | -10/Subcaves | Build established: Scavenger-Mutant 3977 | -10/Subcaves | Entered Recycling 4267 | -9/Recycling | Discovered new exit (range 15) 4284 | -9/Recycling | Build established: Mutant 4752 | -9/Recycling | Core integrity fell below 20% 4902 | -9/Recycling | Identified exit to Factory 4934 | -9/Recycling | Scanned before Scraplab entrance 4953 | -9/Recycling | Entered Scraplab 4965 | -9/Recycling | Learned Materials security intel 4966 | -9/Recycling | Discovered new exit (range 3) 5018 | -9/Recycling | Learned 2 Storage zone layouts 5061 | -9/Recycling | Learned Materials stockpile data 5096 | -9/Recycling | Learned 2 Materials zone layouts 5151 | -9/Recycling | Learned Materials emergency access door positions 5192 | -9/Recycling | Learned location of 2 exits from Materials 5199 | -9/Recycling | Entered Scraptown 5423 | -9/Scraptown | Scanned Subdweller tech in exchange for log data 5426 | -9/Scraptown | Learned Research terminal intel 5427 | -9/Scraptown | Learned Factory terminal intel 5428 | -9/Scraptown | Learned Research stockpile data 5430 | -9/Scraptown | Learned Factory interactive machine intel 5431 | -9/Scraptown | Learned Research garrison access intel 5444 | -9/Scraptown | Discovered new exit (range 13) 5561 | -9/Scraptown | Visited UFD Registry 5561 | -9/Scraptown | Registered with UFD as "Hammertank" 5577 | -9/Scraptown | Visited CPS Storage 5585 | -9/Scraptown | Visited Fellowship of the Rings 5660 | -9/Scraptown | Guru changed UFD alias to "Cryoplate" 5768 | -9/Scraptown | Visited Cyclists 5778 | -9/Scraptown | Entered Cyclist Reading Room 5805 | -9/Scraptown | Visited Awakened 5877 | -9/Scraptown | Visited Spacefarers 5932 | -9/Scraptown | Visited Cave Peace 5940 | -9/Scraptown | Heard Great Nut preacher, LISTEN AND RECITE! 6137 | -9/Scraptown | Visited SPCMW 6241 | -9/Scraptown | Received an X-ray algorithm 6245 | -9/Scraptown | Visited Science Testing Area 6275 | -9/Scraptown | Visited Derelict Rescue Squad 6283 | -9/Scraptown | Found DRS Beacon 6309 | -9/Scraptown | Visited Botcube Research 6315 | -9/Scraptown | Found Botcube 6366 | -9/Scraptown | Delivered Scrap Shield to a Scientist 6490 | -9/Scraptown | Visited Curators Association 6536 | -9/Scraptown | Visited Infowarlord's Domain 6547 | -9/Scraptown | Found Exp. Sensor Array 6590 | -9/Scraptown | Visited Modified Component R&D 6728 | -9/Scraptown | Visited Scrapoid Research Area 6757 | -9/Scraptown | Visited Science Guys 6890 | -9/Scraptown | Found Scrap Suit 7473 | -9/Scraptown | Botcube activated 7497 | -9/Scraptown | Botcube completed mutation into legged form, armed with 2 guns. 8056 | -9/Scraptown | Met Optimus 8056 | -9/Scraptown | Accepted into 0bPrime 8456 | -9/Scraptown | Civil war broke out across Scraptown 8461 | -9/Scraptown | Found DM-GVY's Chainsaw 8561 | -9/Scraptown | Discovered new exit (range 5) 8569 | -9/Scraptown | Entered Factory 8569 | -6/Factory | Evolved 8 slots: Propulsion x3, Utility x5 8570 | -6/Factory | Loaded intel: 56 interactive machine locations 8571 | -6/Factory | Loaded intel: 28 terminal locations 8574 | -6/Factory | Lost 6 allies 8638 | -6/Factory | Discovered new exit (range 13) 8667 | -6/Factory | Discovered new exit (range 16) 9154 | -6/Factory | Garrison activated, responded to threat 9169 | -6/Factory | Core integrity fell below 50% 9179 | -6/Factory | Released all parts (3) 9180 | -6/Factory | Core integrity fell below 20% 9191 | -6/Factory | System corruption reached 10% 9200 | -6/Factory | Lost 13 parts (2p3n4u4w) 9211 | -6/Factory | Scrapoids reinforcements arrived? 9252 | -6/Factory | Attached Rainbow Chip, gained temporary slots: Power, Propulsion, Utility, Weapon 9269 | -6/Factory | First assault squad dispatched 9293 | -6/Factory | Lost 3 allies 9304 | -6/Factory | Scrapoid reinforcements arrived 9335 | -6/Factory | Entered Lower Caves 9337 | -6/Lower Caves | UFD Scientist delivered a prototype 9338 | -6/Lower Caves | Found Prototype Protection 9352 | -6/Lower Caves | Lost 3 allies 9378 | -6/Lower Caves | Activated DRS Beacon 9381 | -6/Lower Caves | Destroyed by S-27 Virus with Autogun Last Messages --------------- 09321_ Slug penetrates 06F09-D. 09321_ 06F09-D destroyed. 09321_ 06F11-D destroyed. 09335_ System corrupted: Component data lost. LOCATION=UNKNOWN GOAL=ESCAPE 09337_ A prototype is lying exposed on the ground here. There's a note attached: "Hey Cryoplate, I saw you headed this way but had to run. Thanks again and remember to keep it repaired!" 09338_ Acquired Prototype Protection. 09350_ System corrupted: Heat flow error (+296). 09375_ 8P-N85(S) destroyed. 09377_ 9GVNOGLU <1RNU4ISAY: >FMO 09378_ Dropped DRS Beacon. 09378_ DRS Beacon begins transmitting. DRS Beacon narrowcast message: "Please hold, a Derelict Rescue Squad will be with you shortly." Map ----- +----------------------------------------------------+ | ?????????????????????????????????????????????????? | | ?????????????????????????????????????????????????? | | ?????????????????????????????????????????????????? | | ?????????????????????????????????????????????????? | | ?????????????????????????????????????????????????? | | ?????????????????????????????????????????????????? | | ?????????????????????????????????????????????????? | | ?????????????????????????????????????????????????? | | ?????????????????????????????????????????????????? | | ?????????????????????????????????????????????????? | | ?????????????????????????????????????????????????? | | ?????????????????????????????????????????????????? | | ?????????????????????????????????????????????????? | | ?????????????????????????????????????????????????? | | ?????????????????????????????????????????????????? | | ?????????????????????????????????????????????????? | | ?????????????????????????????????????????????????? | | ??????????????????????????##?????????????????????? | | ??????????????????????????# ?????????????????????? | | ??????????????????????????# ????????????????????? | | ??????????????????????????? ###?????????????????? | | ????????????????????????????# #?????????????????? | | ??????????????????????????#### #?????????????????? | | ?????????????????????????## # ##???????######?### | | ????????????????????????## ##??????# ### | | ????????????????????????#@& ##?????# | | ????????????????????????## ##??????# | | ?????????????????????????## s ###????## | | ??????????????????????????#### ##?#### | | ??????????????????????######### #?# | | ??????????????????????# ### ##?# # | | ??????????????????????# ### #?## # | | ???????????????????????# ## ### # | | ???????????????????????## ? # | | ????????????????????????### ? % # | | ??????????????????????????## ## | | ??????????????????????????## #### | | ??????????????????????????# #??### ### | | ?????????????????????????# ## ##???####?# | | ?????????????????????????###### ##???## ## | | ?????????????????###?????????# ##???## | | ?????????????????# ???##### ##????# | | ??????????????????# ## ###?????# ## | | ????????????????????# #???????#### ###? | | ????????????????????### #??????????# ???? | | ??????????????????????### ##??????????# ????? | | ????????????????????????## ###??????????? ????? | | ?????????????????????????# ##????????????##?????? | | ?????????????????????????# #????????????????????? | | ?????????????????????????# #????????????????????? | +----------------------------------------------------+ Best States ------------- Heat Dissipation 56 Energy Generation 14 Energy Capacity 250 Matter Stores 300 Matter Capacity 300 Sight Range 22 Robot Scan Range 20 Terrain Scan Density 10 Jamming Range 12 Armor Coverage 800 Resistance: TH 15 Evasion (%) 63 Targeting Accuracy 5 Defensive Hacking 12 Authchip Count 7 Item Schematics ----------------- None Robot Schematics ------------------ None Fabricated ------------ Nothing Repaired ---------- Nothing Studied --------- None Alien Tech Used ----------------- None Achievements -------------- None Challenges ------------ None Game ------ Seed ChromionLauncherRifle Manual? 0 Play Time 01:07:44 Cumulative 529.1 hours Start 2026.02.07 @ 18:59:53 End 2026.02.07 @ 20:13:00 Sessions 1 Manual Loads 0 Difficulty Rogue Special Mode None Game No. 179 Rogue 179 Adventurer 0 Explorer 0 Win Type - Total 17 Types 8/0/5/1/0/0/0/1/0/2 Lore% 90 Gallery% 86 Achievement% 75 Wizard Run 0 Options --------- Layout 1 ASCII 0 Keyboard 0 Movement Mouse Keybinds 0 Fullscreen 2 Font 32/SmallcapsGlow Map View 50x35 Zoom Use 0% Tactical HUD 1 Map Filters NONE Filters NONE Steam 1 RUN: 7b642dba-d8a6-48b3-b02a-dc5c327a0d11